 Dungeon Crawl Stone Soup version 0.28.0-1-gb440e238dd (webtiles) character file.

Game seed: 7042555535991042595

2930 cbfl8 the Cleaver (level 9, 0/80 HPs)
             Began as a Hill Orc Fighter on Feb 26, 2022.
             Slain by Erica (4 damage)
             ... on level 8 of the Dungeon.
             The game lasted 00:21:04 (9994 turns).

cbfl8 the Cleaver (Hill Orc Fighter)                Turns: 9994, Time: 00:21:06

Health: 0/80       AC: 15    Str: 23    XL:     9   Next: 79%
Magic:  9/9        EV:  7    Int:  8    God:
Gold:   142        SH:  6    Dex: 14    Spells: 8/8 levels left

rFire   . . .      SeeInvis .   C - +7 rapier of the Middle {elec, Dex+4}
rCold   . . .      Faith    .   c - +0 buckler
rNeg    . . .      Spirit   .   p - +0 plate armour
rPois   .          Reflect  .   n - +0 hat
rElec   .          Harm     .   (no cloak)
rCorr   .          Rampage  .   (no gloves)
Will    .....                   d - +0 pair of boots
Stlth   ..........              (no amulet)
HPRegen 0.23/turn               (no ring)
MPRegen 0.11/turn               (no ring)

@: mighty, lethally poisoned (0 -> -7), slowed, studying Shields, very slow
A: no striking features
a: no special abilities


You were on level 8 of the Dungeon.
You visited 2 branches of the dungeon, and saw 9 of its levels.
You also visited: Sewer.

You collected 282 gold pieces.
You spent 140 gold pieces at shops.

Inventory:

Hand Weapons
 a - a +0 war axe
 h - a +1 vorpal hand axe
 w - a +1 mace
 x - a +3 great sword
 y - a +3 spear
 C - the +7 rapier of the Middle (weapon) {elec, Dex+4}
   (You found it on level 7 of the Dungeon)

   It occasionally discharges a powerful burst of electricity upon striking a
   foe.
   Dex:       It affects your dexterity (+4).
Armour
 b - a +0 scale mail
 c - a +0 buckler (worn)
 d - a +0 pair of boots (worn)
 e - a +0 ring mail
 n - a +0 hat (worn)
 p - a +0 plate armour (worn)
Wands
 o - a wand of digging (8)
Scrolls
 g - 6 scrolls of teleportation
 i - a scroll of fog
 l - a scroll of torment
 q - a scroll of summoning
 r - a scroll of enchant armour
 v - a scroll of magic mapping
Potions
 f - a potion of brilliance
 j - 4 potions of mutation
 k - a potion of ambrosia {unknown}
 m - a potion of degeneration {unknown}
 t - a potion of resistance
 u - a potion of cancellation {unknown}


   Skills:
 + Level 7.6 Fighting
 + Level 3.7 Short Blades
 + Level 9.8 Axes
 + Level 8.2 Armour
 + Level 0.7 Dodging
 + Level 1.1 Stealth
 + Level 7.2 Shields


You had 8 spell levels left.
You didn't know any spells.
Your spell library contained the following spells:

 Spells                   Type           Power      Damage    Failure   Level
 Animate Skeleton         Necr           0%         N/A       100%        1
 Pain                     Necr           0%         1d4       100%        1
 Summon Small Mammal      Summ           0%         N/A       100%        1
 Call Canine Familiar     Summ           0%         N/A       100%        3
 Summon Guardian Golem    Hex/Summ       0%         N/A       100%        3
 Vampiric Draining        Necr           0%         2d6       100%        3


Dungeon Overview and Level Annotations

Branches:
Dungeon (8/15)             Temple (1/1) D:6           Sewer (visited)
   Lair: D:8-11

Altars:
Ashenzari
Cheibriados
Dithmenos
Elyvilon
Fedhas
Gozag
Kikubaaqudgha
Makhleb
Nemelex Xobeh
Okawaru
Qazlal
Ru
Sif Muna
Trog
Uskayaw
Vehumet
Wu Jian
Xom
Yredelemnul
Zin
The Shining One

Shops:
D:2 ?   D:6 *!

Annotations:
D:8 Erica, Joseph


Message History

Erica burns you.
A wight comes into view. It is wielding a +0 short sword.
Erica gestures at you while chanting. The bolt of poison hits you!
You are poisoned.
You feel very mighty all of a sudden.
You feel very sick. Erica hits you but does no damage.
You barely miss Erica.
Erica is lightly wounded.
You feel very sick. Erica gestures at you while chanting.
You are confused.
A wight comes into view. It is wielding a +4 falchion.
Erica closely misses you.
You bump into the rock wall.
You feel very sick. Erica closely misses you.
Unknown command.
You bump into the rock wall.
You feel sick. Erica casts a spell at you. The bolt of poison hits you!
You are more poisoned.
Erica hits you with a +3 scimitar of flaming.
Erica burns you.
* * * LOW HITPOINT WARNING * * *
You hit Erica.
Erica is moderately wounded.
You feel very sick.
Erica casts a spell.
Erica flickers and vanishes!
Deactivating autopickup; reactivate with Ctrl-A.
Unknown command.
You barely miss something.
You feel less confused.
You feel very sick. Something hits you!
* * * LOW HITPOINT WARNING * * *
Something burns you.
You die...

## . ###.#
#######.#.#
.......[..#
####
#######.#.#
.... #@#.#
#### #{#.#
#zz# #<##
.......##
......#
......
..... .....


You could see 2 wights.

Vanquished Creatures
  5 yaks (D:7)
  A steam dragon (D:7)
  2 water moccasins
  3 black bears
  An orc warrior (D:5)
  A necrophage (D:8)
  2 centaurs (D:7)
  A phantom (D:6)
  A bullfrog (D:5)
  A scorpion (D:4)
  6 killer bees (D:7)
  4 wights
  A howler monkey (D:5)
  2 hounds
  A centaur skeleton (D:6)
  A bullfrog skeleton (D:4)
  A gnoll shaman (D:6)
  5 iguanas
  A hell rat (Sewer)
  A hound skeleton (D:4)
  9 gnolls
  4 adders
  A howler monkey skeleton (D:6)
  3 river rats
  An ufetubus (D:4)
  2 adder skeletons (D:4)
  2 worms (D:2)
  The ghost of Esekla the Ruffian, a weakling FoTm (D:7)
  A dart slug (D:1)
  7 orcs
  7 endoplasms
  7 giant cockroaches
  5 goblins
  11 hobgoblins
  7 jackals
  5 quokkas
  8 ball pythons
  5 bats
  6 frilled lizards
  8 kobolds
  11 rats
152 creatures vanquished.

Notes
Turn   | Place    | Note
-------+----------+-------------------------------------------
     0 | D:1      | cbfl8 the Hill Orc Fighter began the quest for the Orb.
     0 | D:1      | Reached XP level 1. HP: 19/19 MP: 1/1
   221 | D:1      | Reached XP level 2. HP: 26/27 MP: 2/2
   505 | D:1      | Reached XP level 3. HP: 33/33 MP: 3/3
   745 | D:1      | Reached skill level 3 in Axes
  1733 | D:2      | Found Hoecikh's Magic Scroll Shop.
  1739 | D:2      | Reached XP level 4. HP: 39/40 MP: 4/4
  2489 | D:3      | Found a faded altar of an unknown god.
  2529 | D:3      | Reached skill level 4 in Axes
  3544 | D:4      | Reached XP level 5. HP: 37/40 MP: 5/5
  3567 | D:4      | HP: 2/41 [iguana (1)]
  3903 | D:4      | Reached skill level 5 in Axes
  3903 | D:4      | Reached XP level 6. HP: 33/53 MP: 6/6
  4406 | D:4      | Reached skill level 5 in Fighting
  4629 | D:5      | Entered Level 5 of the Dungeon
  4643 | D:5      | Reached skill level 6 in Axes
  4879 | D:5      | Found a glowing drain.
  4898 | Sewer    | Entered a sewer
  4993 | Sewer    | Reached XP level 7. HP: 33/59 MP: 7/7
  5216 | D:5      | Reached skill level 7 in Axes
  6182 | D:5      | Reached skill level 5 in Armour
  6232 | D:5      | Reached skill level 8 in Axes
  6232 | D:5      | Reached XP level 8. HP: 13/68 MP: 8/8
  6506 | D:6      | Reached skill level 1 in Stealth
  6686 | D:5      | Reached skill level 5 in Shields
  7057 | D:6      | Found Quloc's Assorted Antiques.
  7070 | D:6      | Found a staircase to the Ecumenical Temple.
  7329 | Temple   | Entered the Ecumenical Temple
  7860 | D:6      | Found Buuska's Distillery.
  7889 | D:6      | Reached skill level 9 in Axes
  8113 | D:6      | Bought a potion of heal wounds for 70 gold pieces
  8113 | D:6      | Bought a potion of heal wounds for 70 gold pieces
  8148 | D:6      | You fall into a shaft and drop 1 floor!
  8231 | D:7      | Identified the +7 rapier of the Middle {elec, Dex+4}
  8459 | D:7      | Reached XP level 9. HP: 37/78 MP: 9/9
  9274 | D:7      | Found a runed translucent door.
  9274 | D:7      | Noticed Esekla's ghost (weakling FoTm)
  9285 | D:7      | Killed Esekla's ghost
  9897 | D:8      | Noticed Joseph
  9977 | D:8      | Noticed Erica
  9994 | D:8      | HP: 4/80 [something (10)]
  9994 | D:8      | Slain by Erica

Illustrated notes

Levels and vault maps discovered:
D:1:      lightli_iron_boxes, layout_basic, minmay_tromino_v4_c
D:2:      layout_basic, serial_shops, nicolae_square_shop, grunt_decor_cap
D:3:      layout_loops_ring, nicolae_ecumenical_oubliette
D:4:      layout_cave_pools
D:5:      layout_loops_corners, gup_sewer_entry_bubbles,
          chequers_serial_rivers_micro_c
D:6:      layout_loops_ring, minmay_temple_entry_statues_fountains,
          serial_shops, nicolae_shop_crystal, kennysheep_diamond,
          hangedman_decor_lopped
D:7:      layout_loops_corners, gammafunk_ghost_grave, minmay_manual_mares
D:8:      layout_loops_ring, kennysheep_just_a_vault, uniq_grum,
          uniq_prince_ribbit1, uniq_maggie, uniq_joseph, uniq_erica,
          uniq_maurice
Temple:   mainiacjoe_temple_trianglar_array

Skill      XL: |  1  2  3  4  5  6  7  8  9 |
---------------+----------------------------+-----
Shields        | 4 5 7 |  7.2
Axes           | 3 4 5 6 8 9 |  9.8
Fighting       | 4 5 6 7 |  7.6
Armour         | 4 5 6 8 |  8.2
Stealth        | 1 |  1.1
Short Blades   | 3 |  3.7
Dodging        | |  0.7

Action                   |  1- 3 |  4- 6 |  7- 9 || total
-------------------------+-------+-------+-------++-------
Melee: War axe           |   109 |   217 |   124 ||   450
       Rapier            |       |       |    86 ||    86
  Use: Scroll            |     2 |     5 |     5 ||    12
       Potion            |       |     1 |     6 ||     7
Armor: Scale mail        |    63 |    58 |       ||   121
       Plate armour      |       |   109 |   178 ||   287
Dodge: Dodged            |    59 |   101 |    99 ||   259
Block: Buckler           |    35 |    65 |    79 ||   179
